 Dungeon Crawl Stone Soup version 0.31-a0-239-g0a1456f148 (webtiles) character file.

Game seed: 10302021842783266197

70 qw the Shooter (level 4, -3/26 HPs)
             Began as a Gargoyle Hexslinger on July 11, 2023.
             Slain by a cerulean imp
             ... wielding a +2 spear
             ... summoned by Natasha
              (5 damage)
             ... on level 2 of the Dungeon.
             The game lasted 00:00:31 (1647 turns).

qw the Shooter (Gargoyle Hexslinger)                Turns: 1647, Time: 00:00:32

Health: -3/26      AC:  8    Str: 11    XL:     4   Next: 22%
Magic:  5/5        EV: 10    Int: 14    God:
Gold:   62         SH:  0    Dex: 14    Spells: 4/5 levels left

rFire   . . .        Y - +1 sling
rCold   . . .        (no shield)
rNeg    + . .        f - +0 ring mail
rPois   inf          (no helmet)
rElec   +            (no cloak)
rCorr   .            (no gloves)
SInv    .            (no boots)
Will    .....        (no amulet)
Stlth   +            (no ring)
HPRegen 0.24/turn    (no ring)
MPRegen 0.09/turn

%: no passive effects
@: no status effects
A: sickness immunity, AC +3, negative energy resistance 1, electricity
resistance, torment resistance 1, petrification resistance
a: no special abilities


You were on level 2 of the Dungeon.
You visited 1 branch of the dungeon, and saw 2 of its levels.

You collected 62 gold pieces.


Innate Abilities, Weirdness & Mutations

You are immune to sickness and miasma.
Your stone body is resilient. (AC +3)
You are immune to poison.
You resist negative energy. (rN+)
You are resistant to electric shocks. (rElec)
You are resistant to unholy torment.
You are immune to petrification.


   Skills:
 - Level 2.0 Fighting
 - Level 4.0 Ranged Weapons
 + Level 0.3 Armour
 - Level 1.5 Dodging
 - Level 1.0 Spellcasting
 - Level 2.6 Hexes


You had 4 spell levels left.
You knew the following spells:

 Your Spells              Type           Power      Damage    Failure   Level
a - Slow                  Hex            32%        N/A       22%         1

Your spell library contained the following spells:

 Spells                   Type           Power      Damage    Failure   Level
 Inner Flame              Hex/Fire       4%         N/A       73%         3
 Portal Projectile        Hex/Tloc       8%         N/A       73%         3
 Cause Fear               Hex            4%         N/A       91%         4

Inventory:

Hand Weapons
 Y - a +1 sling (weapon)
Armour
 f - a +0 ring mail (worn)
Jewellery
 c - a ring of fire
Scrolls
 a - 2 scrolls of identify {unknown}
 d - a scroll of teleportation {unknown}
Potions
 b - a potion of curing {unknown}
 e - a potion of heal wounds {unknown}
 g - a potion of haste {unknown}
 h - 3 potions of mutation {unknown}
 i - a potion of brilliance {unknown}
 j - 2 potions of berserk rage {unknown}

Dungeon Overview and Level Annotations

Branches:
Dungeon (2/15)

Altars:
Kikubaaqudgha

Shops:
D:1 *

Annotations:
D:2 Natasha


Message History

The cerulean imp misses you.
The cerulean imp hits you from afar with a +2 spear.
The cerulean imp hits you but does no damage.
You shoot a sling bullet.
The sling bullet hits Natasha but does no damage.
Natasha is heavily wounded.
The cerulean imp hits you but does no damage.
Natasha casts a spell at you. The magic dart hits you.
The cerulean imp hits you from afar with a +0 spear.
You shoot a sling bullet. The sling bullet misses Natasha.
The cerulean imp barely misses you. Natasha closely misses you.
The cerulean imp hits you from afar with a +0 spear.
The cerulean imp completely misses you.
Natasha mumbles some strange words.
Natasha shimmers violently.
Natasha misses you.
You shoot a sling bullet.
The sling bullet hits Natasha but does no damage.
Natasha is heavily wounded.
The cerulean imp hits you from afar with a +0 spear.
The cerulean imp hits you but does no damage.
Natasha casts a spell at you. The magic dart hits you.
The cerulean imp hits you from afar with a +0 spear.
You shoot a sling bullet.
The sling bullet completely misses Natasha.
The cerulean imp hits you from afar with a +2 spear.
Natasha claws you but does no damage.
The cerulean imp hits you but does no damage.
You shoot a sling bullet. The sling bullet hits Natasha.
Natasha is heavily wounded.
The cerulean imp hits you from afar with a +2 spear.
Natasha barely misses you.
The cerulean imp hits you but does no damage. x2
Natasha barely misses you.
You shoot a sling bullet. The sling bullet barely misses Natasha.
The cerulean imp disappears in a puff of smoke!
The cerulean imp hits you from afar with a +2 spear.
You die...

#.#..##............#.##.######
#.#..##.#########.##.##.#
####.#.[##.#########.......#
#.......##.##.....##.##.#########
#.................'..<..#........
#......###.##.....###..)#.#####.#
.....%................#.#.# #.#
#.....#.##........#.#.#.#.# #.#
..............5.@.+...#.#.# #.#
#....##..##...¤h..#.>.#.#.# #.#
+.....................#.#.# #.#
#....###..##########..#.#.# #.#
########..#...........#.#.# #.#
#.........#.########.##.#.# #.#
#.#####...#.#...........#.# #.#
#.# #...#.#.######.####.# #.# #.#
#...#.#.# #.# #.# #.#


You could see Natasha and a cerulean imp (summoned).

Vanquished Creatures
  Natasha (D:2)
  An adder (D:2)
  A dart slug (D:2)
  3 orcs (D:2)
  3 ball pythons
  5 bats
  4 endoplasms
  3 goblins
  4 hobgoblins
  2 frilled lizards
  2 rats (D:1)
29 creatures vanquished.

Notes
Turn   | Place    | Note
-------+----------+-------------------------------------------
     0 | D:1      | qw the Gargoyle Hexslinger began the quest for the Orb.
     0 | D:1      | Reached XP level 1. HP: 12/12 MP: 2/2
     0 | D:1      | 0 ||| qw: Version: 0.3-a-52-g30416fa
     0 | D:1      | 0 ||| qw: Game counter: 5938
     0 | D:1      | 0 ||| qw: Melee chars always use a shield: true
     0 | D:1      | 0 ||| qw: God list: Okawaru
     0 | D:1      | 0 ||| qw: Allow faded altars: false
     0 | D:1      | 0 ||| qw: Do Orc after clearing Dungeon:15 true
     0 | D:1      | 0 ||| qw: Do second Lair branch before Depths: true
     0 | D:1      | 0 ||| qw: Lair rune preference: random
     0 | D:1      | 0 ||| qw: Goals: Normal
     0 | D:1      | 0 ||| PLANNING D:1-11
   344 | D:1      | Reached XP level 2. HP: 16/16 MP: 3/3
   399 | D:1      | Found Imna's General Store.
   407 | D:1      | 407 ||| SHOPLISTING potion of haste (110 gold, have 0).
   407 | D:1      | 407 ||| SHOPLISTING scroll of enchant armour (82 gold, have
                  | 0).
   407 | D:1      | 407 ||| SHOPLISTING scroll of identify (22 gold, have 0).
   804 | D:1      | 804 ||| UPGRADING to +0 ring mail.
   814 | D:1      | 814 ||| DROPPING +0 robe.
   815 | D:1      | 815 ||| READING scroll labelled TIUGIROQEUN.
   816 | D:1      | 816 ||| READING scroll labelled JACAW EBEMPYWKUI.
   817 | D:1      | 817 ||| DROPPING scroll of poison.
   903 | D:2      | Reached skill level 3 in Ranged Weapons
  1028 | D:2      | Reached XP level 3. HP: 19/20 MP: 4/4
  1355 | D:2      | Noticed Natasha
  1362 | D:2      | Killed Natasha
  1363 | D:2      | Reached skill level 4 in Ranged Weapons
  1363 | D:2      | Reached XP level 4. HP: 23/26 MP: 5/5
  1455 | D:2      | Found an ancient bone altar of Kikubaaqudgha.
  1635 | D:2      | Noticed Natasha
  1645 | D:2      | HP: 4/26 [cerulean imp/+2 spear[Natasha] (3)]
  1647 | D:2      | Slain by a cerulean imp

Levels and vault maps discovered:
D:1:      evilmike_arrival_come_back, layout_loops_corners, serial_shops, shop
D:2:      layout_basic, hellmonk_ecumenical_altar_defaced_shrine, basic_altar,
          minmay_tree_intersection, uniq_natasha

Skill      XL: |  1  2  3 |
---------------+----------+-----
Ranged Weapons | 3 4 |  4.0
Fighting       | 2 |  2.0
Armour         | |  0.3
Dodging        | |  1.5
Spellcasting   | |  1.0
Hexes          | |  2.6

Action                     |  1- 3 |  4- 6 || total
---------------------------+-------+-------++-------
   Fire: Sling             |   106 |    17 ||   123
    Use: Scroll            |     2 |       ||     2
 Armour: Robe              |     7 |       ||     7
         Ring mail         |    30 |     8 ||    38
  Dodge: Dodged            |    41 |     7 ||    48

Table legend:
 A = Non-vault XP
 B = Vault XP
 C = Vault XP percentage of total XP
 D = Non-vault monster count
 E = Vault monster count
 F = Vault count percentage of total count
                 A         B        C        D         E       F
            +---------+---------+-------+---------+---------+-------
      Total |      56 |      45 |  44.6 |      25 |       4 |  13.8
            +---------+---------+-------+---------+---------+-------
        D:1 |      14 |       0 |   0.0 |       9 |       0 |   0.0
        D:2 |      42 |      45 |  51.7 |      16 |       4 |  20.0
            +---------+---------+-------+---------+---------+-------
